 Dungeon Crawl Stone Soup version 0.30-a0-782-ge64f9170bb (webtiles) character file.

Game seed: 3921948630016851508

545 mopl the Magician (level 7, 0/67 HPs)
             Began as an Octopode Hedge Wizard on Mar 13, 2023.
             Killed from afar by Dowan (16 damage)
             ... with a shard of ice
             ... on level 4 of the Dungeon.
             The game lasted 00:06:20 (3281 turns).

mopl the Magician (Octopode Hedge Wizard)           Turns: 3281, Time: 00:06:21

Health: 0/67       AC: 23    Str: 14    XL:     7   Next: 27%
Magic:  0/14       EV:  2    Int: 23    God:
Gold:   250        SH:  6    Dex: 16    Spells: 9/15 levels left

rFire   . . .      SeeInvis .    x - +0 whip (venom)
rCold   . . .      Faith    .    y - +2 buckler of the Past {rN+}
rNeg    + . .      Spirit   +    (helmet currently unavailable)
rPois   +          Reflect  .    l - amulet of guardian spirit
rElec   .          Harm     .    o - +6 ring of strength
rCorr   .          Rampage  .    v - +6 ring of intelligence
Will    .....      NoTele   +    (no ring)
Stlth   ++                       (no ring)
HPRegen 0.31/turn                (no ring)
MPRegen 0.14/turn                (no ring)
                                 (no ring)
                                 (no ring)

@: tree-form (expiring)
A: stationary, stasis, torment immunity, boosted hp, almost no armour,
(amphibious), 8 rings, (camouflage 1), (gelatinous body 1), (nimble swimmer 1),
(tentacles), agile 1, robust 1, wild magic 1, evolution 1
a: no special abilities


You were on level 4 of the Dungeon.
You were a tree.
You visited 1 branch of the dungeon, and saw 4 of its levels.

You collected 250 gold pieces.

Inventory:

Hand Weapons
 a - a +0 dagger of draining
 x - a +0 whip of venom (weapon)
Missiles
 d - 14 poisoned darts
 e - 2 datura-tipped darts
Armour
 b - a +0 hat (melded)
 y - the +2 buckler of the Past (worn) {rN+}
   (You found it on level 4 of the Dungeon)

   rN:        It protects you from negative energy.
Jewellery
 l - an amulet of guardian spirit (around neck)
 o - a +6 ring of strength (left branch)
 v - a +6 ring of intelligence (right branch)
Wands
 n - a wand of flame (30)
 u - a wand of roots (4)
Scrolls
 f - a scroll of summoning {unknown}
 h - a scroll of enchant armour {unknown}
 i - a scroll of vulnerability {unknown}
 m - a scroll of immolation {unknown}
 p - a scroll of poison {unknown}
 q - 2 scrolls of teleportation {unknown}
 r - 2 scrolls of enchant weapon {unknown}
 w - a scroll of torment {unknown}
Potions
 c - a potion of magic
 g - 2 potions of curing
 j - 3 potions of mutation {!q}
 k - a potion of berserk rage {unknown}
 s - a potion of lignification {!q}
 t - a potion of invisibility {unknown}


   Skills:
 - Level 2.0 Dodging
 - Level 2.6 Stealth
 + Level 1.6 Shields
 + Level 4.8 Spellcasting
 + Level 4.2 Conjurations
 - Level 1.0 Summonings
 - Level 3.0 Translocations
 - Level 3.0 Poison Magic


You had 9 spell levels left.
You knew the following spells:

 Your Spells              Type           Power      Damage    Failure   Level
a - Magic Dart            Conj           100%       1d8       4%          1
c - Mephitic Cloud        Conj/Pois/Air  21%        N/A       21%         3
e - Blink                 Tloc           50%        N/A       9%          2

Your spell library contained the following spells:

 Spells                   Type           Power      Damage    Failure   Level
 Shock                    Conj/Air       76%        1d7       9%          1
 Lesser Beckoning         Tloc           50%        N/A       9%          2
 Gell's Gravitas          Tloc           25%        N/A       16%         3
 Teleport Other           Tloc           25%        N/A       16%         3
 Slow                     Hex            28%        N/A       19%         1
 Call Imp                 Summ           13%        N/A       19%         2
 Cigotuvi's Dreadful Rot  Necr/Pois/Air  26%        N/A       19%         2
 Ozocubu's Armour         Ice            7%         N/A       45%         3
 Swiftness                Air            7%         N/A       45%         3
 Airstrike                Air            3%         2d(1-17)  83%         4
 Metabolic Englaciation   Hex/Ice        3%         N/A       99%         5
 Simulacrum               Ice/Necr       3%         N/A       100%        6


Dungeon Overview and Level Annotations

Branches:
Dungeon (4/15)
 Temple: D:4-7

Altars:
Dithmenos
Kikubaaqudgha

Annotations:
D:4 Dowan


Innate Abilities, Weirdness & Mutations

You are a tree.
Your roots penetrate the ground, keeping you stationary.
You cannot be teleported.
You are immune to unholy pain and torment.
Your maximum health is greatly increased.
You cannot wear most types of armour.
((You are amphibious.))
You can wear up to eight rings at the same time.
((Your skin changes colour to match your surroundings (Stealth+).))
((Your rubbery body absorbs attacks. (AC +1, EV +1)))
((You are camouflaged when in or above water. (Stealth+)))
((You have tentacles for arms and can constrict up to eight enemies at once.))
You are agile. (Dex +4, Str/Int -1)
You are robust. (+10% HP)
Your spells are a little harder to cast, but a little more powerful.
You have hidden genetic potential.


Message History

Duvessa is severely wounded.
You block Duvessa's attack.
You barely miss Duvessa.
Duvessa is almost dead.
Your transformation is almost over.
Duvessa hits you but does no damage. x2
You hit Duvessa but do no damage.
Duvessa is almost dead.
You kill Duvessa!
Dowan seems overcome with grief.
Dowan seems to find hidden reserves of power!
Training target 3.0 for Poison Magic reached!
Your Shields skill increases to level 1!
Your Poison Magic skill increases to level 3!
You hit Dowan but do no damage.
Dowan is poisoned.
Dowan completely misses you. Dowan hits you but does no damage.
You hit Dowan.
Dowan looks as sick as possible!
Your punch misses Dowan.
Dowan is lightly wounded.
Dowan casts a spell at you.
The shard of ice hits you but does no damage.
You block Dowan's attack.
You feel a genetic drift.
You feel less in control of your magic.
You hit Dowan but do no damage.
Dowan is lightly wounded.
Dowan casts a spell at you. You block the shard of ice.
Dowan hits you with a +0 dagger.
* * * LOW HITPOINT WARNING * * *
You hit Dowan.
Dowan looks as sick as possible!
Dowan is moderately wounded.
Dowan hits you but does no damage. x2
You miss Dowan.
Dowan is heavily wounded.
Dowan hits you but does no damage.
You closely miss Dowan. Your punch misses Dowan.
Dowan is almost dead.
Dowan points at you and mumbles some strange words.
The shard of ice misses you. Dowan casts a spell at you.
The shard of ice hits you!!
You die...

########### #.........######
#.#####......... #.#
#......... ## #(# #.........
...# #.# ###.#####. ..... #.#
#.# #.
..>...#########.#######.#####.
............e♣...........[....
.........######.....†.#.#####.
$....###..# #######.#.# #.
.... ..... #..#.# #. #$.
###...# #..#.# #. #. ##...
#.##.# ## # #... #.##.# .....
#.##.# . #.##.#


You could see Dowan (fast, extremely poisoned).

Vanquished Creatures
  Duvessa (D:4)
  A scorpion (D:4)
  An iguana (D:4)
  Crazy Yiuf (D:3)
  Jessica (D:2)
  Natasha (thrice) (D:3)
  3 orc wizards (D:4)
  Robin (D:2)
  4 adders
  4 gnolls
  2 orcs (D:4)
  8 ball pythons
  2 endoplasms
  2 giant cockroaches (D:4)
  12 goblins
  6 hobgoblins
  5 jackals (D:3)
  9 kobolds
  3 quokkas
  5 bats (D:2)
  5 frilled lizards
  6 rats
85 creatures vanquished.

Notes
Turn   | Place    | Note
-------+----------+-------------------------------------------
     0 | D:1      | mopl the Octopode Hedge Wizard began the quest for the Orb.
     0 | D:1      | Reached XP level 1. HP: 11/11 MP: 4/4
    56 | D:1      | Reached XP level 2. HP: 16/17 MP: 4/6
    59 | D:1      | Learned a level 2 spell: Blink
   539 | D:1      | Reached XP level 3. HP: 4/21 MP: 5/7
   756 | D:2      | Reached skill level 2 in Conjurations
   756 | D:2      | Reached skill level 2 in Translocations
   871 | D:2      | Noticed Jessica
   880 | D:2      | Killed Jessica
   881 | D:2      | Reached XP level 4. HP: 27/27 MP: 7/9
  1094 | D:3      | HP: 1/27 [gnoll/+0 whip (4)]
  1419 | D:2      | Found a shadowy altar of Dithmenos.
  1438 | D:2      | Noticed Robin
  1457 | D:2      | Killed Robin
  1458 | D:2      | Reached XP level 5. HP: 24/31 MP: 6/10
  1768 | D:3      | Found an ancient bone altar of Kikubaaqudgha.
  1928 | D:3      | Noticed Natasha
  1940 | D:3      | Killed Natasha
  1941 | D:3      | Reached skill level 4 in Spellcasting
  1941 | D:3      | Reached skill level 3 in Conjurations
  1941 | D:3      | Reached skill level 3 in Translocations
  2124 | D:3      | Found a runed translucent door.
  2125 | D:3      | Noticed Crazy Yiuf
  2130 | D:3      | Learned a level 3 spell: Mephitic Cloud
  2134 | D:3      | Killed Crazy Yiuf
  2378 | D:3      | Reached skill level 1 in Poison Magic
  2447 | D:3      | Noticed Natasha
  2458 | D:3      | Killed Natasha
  2459 | D:3      | Reached XP level 6. HP: 29/36 MP: 9/12
  2623 | D:3      | Noticed Natasha
  2629 | D:3      | Killed Natasha
  2775 | D:4      | Gained mutation: You are robust. (+10% HP) [potion of
                  | mutation]
  2775 | D:4      | Gained mutation: You have hidden genetic potential. [potion
                  | of mutation]
  2775 | D:4      | Gained mutation: You are agile. (Dex +4, Str/Int -1)
                  | [potion of mutation]
  2783 | D:4      | Reached skill level 2 in Poison Magic
  3079 | D:4      | Identified the +2 buckler of the Past {rN+}
  3143 | D:4      | Reached skill level 4 in Conjurations
  3143 | D:4      | Reached XP level 7. HP: 33/45 MP: 8/14
  3242 | D:4      | Noticed Duvessa
  3245 | D:4      | Noticed Dowan
  3275 | D:4      | Killed Duvessa
  3276 | D:4      | Reached skill level 1 in Shields
  3276 | D:4      | Reached skill level 3 in Poison Magic
  3277 | D:4      | Gained mutation: Your spells are a little harder to cast,
                  | but a little more powerful. [hidden potential]
  3281 | D:4      | Killed from afar by Dowan

Illustrated notes

Levels and vault maps discovered:
D:1:      dpeg_arrival_central, layout_rooms
D:2:      layout_loops_ring, basic_altar, hangedman_decor_push,
          hangedman_decor_clover_reticule, uniq_jessica, uniq_robin
D:3:      layout_loops_ring, nicolae_overflow_crystal_walls,
          kennysheep_another_room, uniq_natasha, uniq_crazy_yiuf_cottage
D:4:      cheibrodos_helix_gallery, layout_basic, uniq_duvessa

Skill      XL: |  1  2  3  4  5  6  7 |
---------------+----------------------+-----
Conjurations   | 2 3 4 |  4.2
Translocations | 2 3 |  3.0
Spellcasting   | 4 |  4.8
Poison Magic   | 1 2 3 |  3.0
Shields        | 1 |  1.6
Dodging        | |  2.0
Stealth        | |  2.6
Summonings     | |  1.0

Action                     |  1- 3 |  4- 6 |  7- 9 || total
---------------------------+-------+-------+-------++-------
  Melee: Dagger            |    42 |   114 |     4 ||   160
         Constrict         |     9 |    29 |     1 ||    39
         Punch             |     2 |       |       ||     2
         Tentacles         |     4 |    25 |       ||    29
         Unarmed           |       |     8 |       ||     8
         Whip              |       |       |    20 ||    20
   Cast: Magic Dart        |    13 |    23 |       ||    36
         Mephitic Cloud    |       |     1 |     1 ||     2
  Evoke: Wand              |       |     1 |       ||     1
    Use: Potion            |       |     3 |     1 ||     4
   Stab: Sleeping          |     7 |     5 |     2 ||    14
 Armour: Skin              |     6 |    13 |    10 ||    29
  Dodge: Dodged            |    25 |    71 |     7 ||   103
  Block: Buckler           |       |       |     9 ||     9

Table legend: (Time is in decaauts)
 A = Elapsed time spent in this place.
 B = Non-inter-level travel time spent in this place.
 C = Inter-level travel time spent in this place.
 D = Time resting spent in this place.
 E = Time spent auto-exploring this place.
 F = Levels seen in this place.
 G = Mean time per level.
                   A        B        C        D        E       F      G
               +--------+--------+--------+--------+--------+-----+--------+
         Total |   3290 |   3086 |    204 |    677 |   1679 |   4 |  822.5 |
       Dungeon |   3290 |   3086 |    204 |    677 |   1679 |   4 |  822.5 |
               +--------+--------+--------+--------+--------+-----+--------+

Top non-repeatable levels by time:
     D:3: 1096 daAuts
     D:2: 960 daAuts
     D:1: 640 daAuts
     D:4: 592 daAuts
